 Dungeon Crawl Stone Soup version 0.24-a0-537-g2d01d4ab0a (webtiles) character file.

Game seed: 17710223457955641847

19835 Gynju the Unseen (level 12, -5/58 HPs)
             Began as a Spriggan Enchanter on Aug 12, 2019.
             Was an Initiate of Gozag.
             Slain by a red ugly thing (6 damage)
             ... in a volcano.
             The game lasted 01:00:56 (17712 turns).

Gynju the Unseen (Spriggan Enchanter)              Turns: 17712, Time: 01:00:56

Health: -5/58      AC:  4    Str: 10    XL:     12   Next: 40%
Magic:  28/28      EV: 24    Int: 20    God:    Gozag
Gold:   2009       SH:  0    Dex: 18    Spells: 20/34 levels left

rFire    + . .     SeeInvis +   G - +11 rapier of Imnoh {pain, MR++ Str+6}
rCold    . . .     Gourm    .   (shield restricted)
rNeg     + . .     Faith    .   i - +2 robe {rF+}
rPois    .         Spirit   .   (helmet restricted)
rElec    .         Reflect  .   D - scarf {repulsion}
rCorr    .         Harm     .   (gloves unavailable)
MR       ++++.                  (boots unavailable)
Stlth    +++++++...             K - amulet of rage
HPRegen  0.19/turn              B - ring of see invisible
MPRegen  0.21/turn              v - ring of positive energy

@: repel missiles, very quick
A: very small, unfitting armour, see invisible, herbivore, speed 3, slow
metabolism 2
a: Potion Petition, Call Merchant, Bribe Branch, Renounce Religion, Evoke
Berserk Rage


You were in a volcano.
You worshipped Gozag.
Gozag was most pleased with you.
You were very hungry.

You visited 3 branches of the dungeon, and saw 14 of its levels.
You also visited: Volcano.

You collected 2630 gold pieces.
You paid 621 gold pieces to Gozag.

Inventory:

Hand Weapons
 k - a +0 quick blade
 G - the +11 rapier of Imnoh (weapon) {pain, MR++ Str+6}
   (You found it on level 9 of the Dungeon)

   In the hands of one skilled in necromantic magic, it inflicts extra damage on
   living creatures.
   It affects your strength (+6).
   It affects your resistance to hostile enchantments.
Missiles
 c - 256 stones (quivered)
Armour
 i - a +2 robe of fire resistance (worn)
 l - a +0 cloak
 D - a scarf of repulsion (worn)
Jewellery
 a - an uncursed ring of positive energy
 q - an uncursed ring of flight
 v - a ring of positive energy (right hand)
 B - a ring of see invisible (left hand)
 K - an amulet of rage (around neck)
Wands
 o - a wand of polymorph (8)
 t - a wand of disintegration (11)
 w - a wand of iceblast (5)
 y - a wand of digging (3)
 z - a wand of acid (11)
 E - a wand of flame (9)
 J - a wand of paralysis (10)
Scrolls
 e - 5 scrolls of teleportation
 j - 2 scrolls of enchant armour
 n - 2 scrolls of fog
 p - 3 scrolls of immolation
 r - 4 scrolls of remove curse
 x - 4 scrolls of amnesia
 F - 3 scrolls of blinking {unknown}
 H - 3 scrolls of enchant weapon {unknown}
 I - a scroll of magic mapping {unknown}
 N - 3 scrolls of identify
Potions
 b - 4 potions of flight
 f - 2 potions of ambrosia
 g - 2 potions of mutation
 h - a potion of cancellation {unknown}
 m - a potion of might
 s - a potion of degeneration
 u - 3 potions of magic
 A - 3 potions of curing
 C - 2 potions of lignification
 L - a potion of invisibility {unknown}
 M - a potion of berserk rage {unknown}
Comestibles
 d - 18 rations


   Skills:
 + Level 4.5 Fighting
 * Level 6.9 Short Blades
 + Level 7.8 Dodging
 * Level 16.7 Stealth
 - Level 11.6 Spellcasting
 - Level 12.8 Hexes
 + Level 2.1 Necromancy


You had 20 spell levels left.
You knew the following spells:

 Your Spells              Type           Power        Failure   Level  Hunger
a - Corona                Hex            ######.      1%          1    None
b - Ensorcelled Hibernat  Hex/Ice        #####.       1%          2    None
c - Confuse               Hex            ######..     1%          3    None
d - Tukima's Dance        Hex            ######..     1%          3    None
e - Corpse Rot            Necr           N/A          3%          2    None
f - Dazzling Spray        Conj/Hex       #####.       1%          3    None

Your spell library contained the following spells:

 Spells                   Type           Power        Failure   Level  Hunger
 Leda's Liquefaction      Hex/Erth       #####.....   4%          4    #......
 Sandblast                Erth           ##....       6%          1    None
 Passwall                 Tmut/Erth      ##......     9%          2    None
 Stone Arrow              Conj/Erth      ##....       19%         3    None
 Petrify                  Tmut/Erth      ##......     52%         4    #......
 Lee's Rapid Deconstruct  Erth           ##........   86%         5    ####...
 Summon Forest            Summ/Tloc      ##........   86%         5    ####...
 Hydra Form               Tmut           ##........   100%        6    ######.
 Summon Hydra             Summ           ##........   100%        7    #######


Dungeon Overview and Level Annotations

Branches:
Dungeon (9/15)             Temple (1/1) D:4            Lair (4/6) D:9
  Swamp (0/4) Lair:3        Snake (0/4) Lair:4
    Orc: D:9-12

Altars:
Ashenzari
Cheibriados
Dithmenos
Elyvilon
Fedhas
Gozag
Hepliaklqana
Kikubaaqudgha
Makhleb
Nemelex Xobeh
Okawaru
Qazlal
Ru
Sif Muna
Trog
Uskayaw
Vehumet
Wu Jian
Xom
Yredelemnul
Zin
The Shining One

Shops:
D:4 }   Lair:2 *

Annotations:
D:4 Grinder


Innate Abilities, Weirdness & Mutations

You are very small and have problems with some larger weapons.
You are too small for most types of armour.
You have supernaturally acute eyesight. (SInv)
You are a herbivore.
You cover ground extremely quickly.
You need to consume almost no food.


Message History

Found a coppery potion and 47 gold pieces.
Found a great mace of flaming and a cloak of fire resistance.
A hell hound comes into view.
A smoke demon comes into view.
Found a plate armour and a chain mail.
The smoke demon roars!
The red ugly thing gurgles horribly!
The hell hound barks!
The red ugly thing trunk-slaps you!
You are engulfed in flames!
You resist.
Found a rapier of flaming.
Found a rocky tunnel leading out of this place.
You see here a coppery potion.
You barely miss the red ugly thing. The hell hound bites you!
The smoke demon gestures at you. Something smites you!
* * * LOW HITPOINT WARNING * * *
The red ugly thing trunk-slaps you!
* * * LOW HITPOINT WARNING * * *
You are engulfed in flames.
You resist.
You die...
Your body crumbles into a pile of gold.

## ##☼ #☼☼### ##≈§≈§##
##≈≈≈.§§## #.≈≈$[≈≈≈#
## #3u$).# ##≈ #[[@h#
#≈§ #).∩#.# ##°≈
#####.## #°°≈
####§.##############
#..§....§§§....##..#
......§≈≈≈≈§≈≈§.......
##....§≈≈≈§≈≈≈≈≈≈....#
....≈≈≈§≈≈§≈≈≈≈§§§..##
#....≈≈≈≈≈≈§≈≈§≈≈§..#


You could see a red ugly thing, a smoke demon and a hell hound.

Vanquished Creatures
  Rupert (Lair:3)
  3 two-headed ogres
  A swamp dragon (Lair:3)
  Pikel (D:7)
  A black mamba (Lair:4)
  4 spiny frogs
  2 rime drakes
  3 komodo dragons
  A red devil (Volcano)
  A polar bear (Lair:4)
  A troll (D:9)
  4 blink frogs
  7 hippogriffs
  Sigmund (D:2)
  2 wyverns
  18 yaks
  A basilisk (Lair:3)
  6 water moccasins
  5 porcupines
  A sky beast (D:7)
  3 slaves (D:7)
  A phantom (D:6)
  3 ice beasts
  2 orc warriors (D:6)
  6 ogres
  3 wolves (Lair:4)
  2 centaurs (D:7)
  2 big kobolds
  9 crocodiles
  6 bullfrogs
  3 scorpions
  4 killer bees (D:8)
  11 howler monkeys
  2 bullfrog zombies (D:9)
  3 crimson imps
  A quasit (D:6)
  2 centaur zombies
  A hound (D:7)
  2 jellies
  12 orc priests
  6 orc wizards
  3 centaur skeletons
  Terence (D:2)
  4 iguanas
  5 worker ants
  A hound zombie (D:2)
  A howler monkey zombie (D:8)
  2 howler monkey skeletons
  7 adders
  3 shadow imps
  3 oozes
  5 adder skeletons
  2 worms (D:2)
  2 dart slugs (D:1)
  2 leopard geckos
  28 orcs
  4 ball pythons
  4 bat skeletons (D:2)
  6 giant cockroaches
  9 goblins
  11 hobgoblins
  7 jackals
  2 quokkas
  8 bats
  5 frilled lizards
  A jackal zombie (D:5)
  10 kobolds
  3 leopard gecko skeletons (D:2)
  7 rats
294 creatures vanquished.

Vanquished Creatures (collateral kills)
  Joseph (D:8)
1 creature vanquished.

Vanquished Creatures (others)
  3 dancing weapons (D:6)
3 creatures vanquished.

Grand Total: 298 creatures vanquished

Notes
Turn   | Place    | Note
-------+----------+-------------------------------------------
     0 | D:1      | Gynju the Spriggan Enchanter began the quest for the Orb.
     0 | D:1      | Reached XP level 1. HP: 9/9 MP: 5/5
    93 | D:1      | Reached XP level 2. HP: 13/13 MP: 7/7
   140 | D:1      | Learned a level 2 spell: Ensorcelled Hibernation
   455 | D:1      | Reached skill level 5 in Stealth
   883 | D:1      | Reached XP level 3. HP: 16/16 MP: 8/8
  1595 | D:2      | Noticed Sigmund
  1689 | D:2      | Killed Sigmund
  1689 | D:2      | Reached skill level 6 in Stealth
  1689 | D:2      | Reached skill level 5 in Hexes
  1689 | D:2      | Reached XP level 4. HP: 12/21 MP: 2/11
  1689 | D:2      | Reached XP level 5. HP: 14/24 MP: 2/12
  1843 | D:2      | Found a burning altar of Makhleb.
  1843 | D:2      | Noticed a cacodemon
  2345 | D:2      | Found a blossoming altar of Fedhas.
  2481 | D:2      | Learned a level 3 spell: Confuse
  2492 | D:2      | Reached skill level 7 in Stealth
  2538 | D:2      | Noticed Terence
  2548 | D:2      | Killed Terence
  2548 | D:2      | Reached XP level 6. HP: 28/28 MP: 9/14
  3016 | D:3      | Reached skill level 5 in Spellcasting
  3549 | D:3      | Found an opulent altar of Gozag.
  3568 | D:3      | Became a worshipper of Gozag Ym Sagoz the Greedy
  4206 | D:4      | Found a snail-covered altar of Cheibriados.
  4222 | D:4      | Found a glowing golden altar of the Shining One.
  4272 | D:4      | Found a staircase to the Ecumenical Temple.
  4279 | D:4      | Reached skill level 8 in Stealth
  4279 | D:4      | Reached XP level 7. HP: 20/32 MP: 10/16
  4314 | Temple   | Entered the Ecumenical Temple
  4824 | D:4      | Noticed Grinder
  4825 | D:4      | Found Hataqass's Gadget Emporium.
  5454 | D:5      | Entered Level 5 of the Dungeon
  5525 | D:5      | Found a shimmering altar of Xom.
  5756 | D:5      | Reached skill level 9 in Stealth
  6043 | D:5      | Reached XP level 8. HP: 22/36 MP: 14/19
  6387 | D:6      | Learned a level 3 spell: Tukima's Dance
  6883 | D:6      | Reached skill level 10 in Stealth
  7388 | D:6      | Reached skill level 11 in Stealth
  7702 | D:6      | Found a stormy altar of Qazlal.
  8040 | D:7      | Noticed a hippogriff
  8044 | D:7      | Reached XP level 9. HP: 39/39 MP: 19/22
  8330 | D:7      | Noticed Pikel
  8794 | D:7      | Reached skill level 12 in Stealth
  9085 | D:7      | Killed Pikel
  9085 | D:7      | Reached skill level 10 in Hexes
  9122 | D:7      | Found a bloodstained altar of Trog.
  9459 | D:8      | Reached skill level 10 in Spellcasting
  9581 | D:8      | Noticed Joseph
  9593 | D:8      | Killed Joseph
  9593 | D:8      | Reached skill level 13 in Stealth
  9924 | D:8      | Found a shadowy altar of Dithmenos.
  9925 | D:8      | Found an ornate altar of the Wu Jian Council.
  9977 | D:8      | Reached XP level 10. HP: 44/44 MP: 20/25
 10334 | D:8      | Reached skill level 1 in Fighting
 10376 | D:8      | Noticed a two-headed ogre
 10383 | D:8      | Killed a two-headed ogre
 10998 | D:9      | Found a staircase to the Lair.
 11096 | D:9      | Noticed a rakshasa
 11360 | D:9      | Noticed a two-headed ogre
 11361 | D:9      | Killed a two-headed ogre
 11414 | D:9      | Reached skill level 5 in Dodging
 11638 | D:9      | Reached skill level 14 in Stealth
 11667 | D:9      | Got a dazzling rapier
 11688 | D:8      | Identified the +11 rapier of Imnoh {pain, MR++ Str+6} (You
                  | found it on level 9 of the Dungeon)
 11903 | Lair:1   | Entered Level 1 of the Lair of Beasts
 11914 | Lair:1   | Noticed a spiny frog
 11936 | Lair:1   | Killed a spiny frog
 12706 | D:9      | Noticed a two-headed ogre
 12715 | D:9      | Killed a two-headed ogre
 12715 | D:9      | Reached XP level 11. HP: 51/51 MP: 27/27
 12746 | D:9      | Found a hide-covered altar of Uskayaw.
 12821 | D:9      | Found a sacrificial altar of Ru.
 14477 | Lair:2   | Reached skill level 15 in Stealth
 14915 | Lair:2   | Reached skill level 5 in Short Blades
 15233 | Lair:3   | Noticed Rupert
 15258 | Lair:3   | Noticed a death yak
 15258 | Lair:3   | Noticed a death yak
 15258 | Lair:3   | Noticed a death yak
 15258 | Lair:3   | Noticed a death yak
 15801 | Lair:3   | Found a shattered altar of Ashenzari.
 15825 | Lair:3   | Noticed a swamp dragon
 15826 | Lair:3   | Found a staircase to the Swamp.
 15842 | Lair:3   | Killed a swamp dragon
 16190 | Lair:3   | Learned a level 2 spell: Corpse Rot
 16310 | Lair:3   | Killed Rupert
 16310 | Lair:3   | Reached skill level 16 in Stealth
 16310 | Lair:3   | Reached skill level 1 in Necromancy
 16310 | Lair:3   | Reached XP level 12. HP: 58/58 MP: 5/28
 16769 | Lair:4   | Learned a level 3 spell: Dazzling Spray
 17357 | Lair:4   | Found a staircase to the Snake Pit.
 17642 | Lair:4   | Found a dark tunnel.
 17650 | Volcano  | Entered a volcano
 17712 | Volcano  | HP: 1/58 [red ugly thing (16)]
 17712 | Volcano  | Slain by a red ugly thing

Levels and vault maps discovered:
D:1:      erik_arrival_gehennom, layout_loops_corners
D:2:      layout_loops_cross, makhleb_altar_promises_db, old_standard_altar,
          serial_undead, serial_undead_e, serial_undead_d, serial_undead_e,
          serial_undead_d, serial_undead_b, serial_undead_a, serial_undead_a,
          uniq_terence, uniq_sigmund
D:3:      layout_basic, lemuel_doored_altar
D:4:      layout_rooms, cheibriados_altar_1, kennysheep_mini_moat,
          minmay_temple_entry_antechambers, serial_shops,
          nicolae_shop_temple_entry_statues_fountains, uniq_grinder
D:5:      layout_loops_ring, lemuel_coloured_pillars_altar, first_ration
D:6:      layout_loops_ring, lemuel_round_altar, kennysheep_pointless_box
D:7:      layout_basic, nicolae_overflow_hidden_temple, grunt_ogre_cave,
          uniq_pikel
D:8:      layout_loops_corners, minitemple, uniq_joseph
D:9:      minmay_curly_fans, layout_long_grid, marbit_many_paths,
          lemuel_crystal_altar, lair_entry_dummy, nicolae_underground_beach
Temple:   eino_temple_lava
Lair:1:   layout_regular_city
Lair:2:   layout_hall_layers, grunt_megastairs_5
Lair:3:   layout_long_grid, minmay_swamp_entry_reptiles, basic_altar,
          st_stairs_11, serial_bayou_shore_b, uniq_rupert
Lair:4:   layout_regular_city, dummy_snake_entry, enter_volcano_2
Volcano:  volcano_pools

Skill      XL: |  1  2  3  4  5  6  7  8  9 10 11 12 |
---------------+-------------------------------------+-----
Spellcasting   | 3 4 5 6 8 10 11 | 11.6
Hexes          | 4 5 6 7 9 10 11 12 | 12.8
Stealth        | 5 6 7 8 9 11 13 14 16 | 16.7
Short Blades   | 3 6 |  6.9
Fighting       | 2 4 |  4.5
Dodging        | 5 7 |  7.8
Necromancy     | 1 2 |  2.1

Action                   |  1- 3 |  4- 6 |  7- 9 | 10-12 || total
-------------------------+-------+-------+-------+-------++-------
Melee: Dagger            |   117 |   178 |   227 |    70 ||   592
       Short sword       |       |       |     5 |       ||     5
       Rapier            |       |       |       |   143 ||   143
       Quick blade       |       |       |       |     7 ||     7
Throw: Stone             |       |       |     2 |    16 ||    18
 Cast: Ensorcelled Hiber |    14 |    30 |    97 |   121 ||   262
       Corona            |     1 |       |     1 |       ||     2
       Confuse           |       |     2 |    13 |    18 ||    33
       Tukima's Dance    |       |       |    10 |       ||    10
       Dazzling Spray    |       |       |       |     2 ||     2
Invok: Potion Petition   |       |       |     1 |       ||     1
       Call Merchant     |       |       |       |     1 ||     1
  Use: Scroll            |       |       |       |    16 ||    16
 Stab: Sleeping          |    15 |    36 |    72 |   102 ||   225
       Distracted        |       |     1 |     3 |     1 ||     5
       Confused          |       |     1 |    10 |     7 ||    18
       Invisible         |       |       |       |     1 ||     1
  Eat: Ration            |       |     1 |     3 |     3 ||     7
Armor: Robe              |    11 |    34 |    19 |    20 ||    84
Dodge: Dodged            |    90 |   190 |   140 |   158 ||   578
       Deflected         |       |       |       |     2 ||     2

Table legend:
 A = Non-vault XP
 B = Vault XP
 C = Vault XP percentage of total XP
 D = Non-vault monster count
 E = Vault monster count
 F = Vault count percentage of total count
                 A         B        C        D         E       F
            +---------+---------+-------+---------+---------+-------
      Total |   20271 |    8066 |  28.5 |     256 |      36 |  12.3
            +---------+---------+-------+---------+---------+-------
        D:1 |      41 |      18 |  30.5 |      22 |       5 |  18.5
        D:2 |      59 |     285 |  82.8 |      17 |      11 |  39.3
        D:3 |     157 |       0 |   0.0 |      29 |       0 |   0.0
        D:4 |     506 |       0 |   0.0 |      17 |       0 |   0.0
        D:5 |     447 |       0 |   0.0 |      13 |       0 |   0.0
        D:6 |    1232 |       0 |   0.0 |      29 |       0 |   0.0
        D:7 |    1369 |     728 |  34.7 |      22 |       2 |   8.3
        D:8 |    2411 |     486 |  16.8 |      25 |       2 |   7.4
        D:9 |    2725 |     791 |  22.5 |      28 |       4 |  12.5
     Lair:1 |    2489 |       0 |   0.0 |      11 |       0 |   0.0
     Lair:2 |    3416 |    1515 |  30.7 |      17 |       6 |  26.1
     Lair:3 |    2462 |    3904 |  61.3 |      15 |       5 |  25.0
     Lair:4 |    2957 |       0 |   0.0 |      11 |       0 |   0.0
    Volcano |       0 |     339 | 100.0 |       0 |       1 | 100.0
            +---------+---------+-------+---------+---------+-------
